 Dungeon Crawl Stone Soup version 0.29.1-2-gbd0b4ee654 (webtiles) character file.

Game seed: 8895355571697932589

596 boopmooplesden the Chopper (level 7, -3/60 HPs)
             Began as a Minotaur Fighter on Nov 25, 2022.
             Splashed by a jelly's acid (10 damage)
             ... on level 4 of the Dungeon.
             The game lasted 00:04:07 (2802 turns).

boopmooplesden the Chopper (Minotaur Fighter)       Turns: 2802, Time: 00:04:07

Health: -3/60      AC:  2    Str: 23    XL:     7   Next: 17%
Magic:  6/6        EV:  6    Int:  5    God:
Gold:   80         SH:  5    Dex:  9    Spells: 6/6 levels left

rFire   . . .      SeeInvis .   a - +0 war axe
rCold   . . .      Faith    .   c - +1 buckler
rNeg    . . .      Spirit   .   t - +0 plate armour
rPois   .          Reflect  .   (helmet restricted)
rElec   .          Harm     .   j - +0 cloak {Will+}
rCorr   .          Rampage  .   (no gloves)
Will    +....                   m - +0 pair of boots
Stlth   ..........              (no amulet)
HPRegen 0.20/turn               (no ring)
MPRegen 0.10/turn               (no ring)

@: corroded
A: horns 2, retaliatory headbutt
a: no special abilities


You were on level 4 of the Dungeon.
You visited 1 branch of the dungeon, and saw 4 of its levels.
You also visited: Ossuary.

You collected 80 gold pieces.

Inventory:

Hand Weapons
 a - a +0 war axe (weapon)
Armour
 b - a +0 scale mail
 c - a +1 buckler (worn)
 j - a +0 cloak of willpower (worn)
 m - a +0 pair of boots (worn)
 t - a +0 plate armour (worn)
Scrolls
 e - a scroll of torment
 i - 2 scrolls of immolation {unknown}
 n - a scroll of poison {unknown}
 p - a scroll of blinking {unknown}
 q - a scroll of enchant weapon {unknown}
 r - a scroll of vulnerability {unknown}
 s - 2 scrolls of identify
Potions
 d - a potion of brilliance {unknown}
 f - 3 potions of haste {unknown}
 g - 3 potions of heal wounds
 h - a potion of lignification {unknown}
 k - 3 potions of resistance {unknown}
 l - a potion of flight {unknown}
 o - a potion of curing {unknown}


   Skills:
 + Level 4.9 Fighting
 + Level 7.3 Axes
 + Level 5.0 Armour
 + Level 1.6 Dodging
 + Level 0.1 Stealth
 + Level 4.6 Shields


You had 6 spell levels left.
You didn't know any spells.
Your spell library was empty.

Dungeon Overview and Level Annotations

Branches:
Dungeon (4/15)            Ossuary (visited)
 Temple: D:4-7

Altars:
Ashenzari


Innate Abilities, Weirdness & Mutations

You have a pair of horns on your head.
You reflexively headbutt those who attack you in melee.


Message History

You closely miss the adder. The adder completely misses you.
You furiously retaliate!
You headbutt the adder. The jelly hits you but does no damage.
The adder completely misses you. You furiously retaliate!
You headbutt the adder. You hit the jelly but do no damage.
Your hands burn!
The jelly is severely wounded.
You barely miss the orc priest. You closely miss the adder.
The adder bites you but does no damage.
The orc priest looks encouraged for a moment.
The jelly barely misses you.
You hit the jelly but do no damage.
Your hands burn!
You headbutt the jelly, but do no damage.
The jelly is severely wounded.
You hit the orc priest but do no damage.
You closely miss the adder. The adder bites you.
The orc priest invokes the aid of Beogh against you.
Pain shoots through your body! The jelly hits you.
You are splashed with acid!
The adder barely misses you.
An orc comes into view. It is wielding a +0 mace.
The jelly hits you. The acid corrodes you!
You are splashed with acid.
* * * LOW HITPOINT WARNING * * *
The orc priest looks encouraged for a moment.
The orc shouts!
You hit the jelly but do no damage.
Your hands burn!
* * * LOW HITPOINT WARNING * * *
The jelly is severely wounded.
You hit the adder but do no damage. You hit the kobold.
You kill the kobold!
You hit the orc priest. The adder bites you.
* * * LOW HITPOINT WARNING * * *
The jelly closely misses you.
You hit the jelly.
Your hands burn!
* * * LOW HITPOINT WARNING * * *
The jelly is almost dead.
You barely miss the orc priest. You hit the adder but do no damage.
The adder barely misses you. You furiously retaliate!
You headbutt the adder. The jelly hits you.
* * * LOW HITPOINT WARNING * * *
You are splashed with acid!
You die...

............# ####
.#####.###.## ....##.
....#. ....# #####8...
....###...##... #
....+#..###....#+#####.##
....##.....##............
....##.....##............
.....##...##...o@J.......
.....8#..##8....S).......
..............o..........
.............o..........>
####.....................
#......o..............
#.....................
#....................#
##########..


You could see a jelly, an orc priest, an adder and 3 orcs.

Vanquished Creatures
  An ogre (D:3)
  2 elf zombies (Ossuary)
  An orc priest (D:4)
  A hound (D:3)
  3 human zombies (Ossuary)
  2 orc wizards (D:3)
  2 mummies (Ossuary)
  4 adders
  An ufetubus (D:4)
  An adder zombie (Ossuary)
  A worm (D:4)
  A dart slug (D:4)
  6 orcs
  4 bats
  4 endoplasms
  3 giant cockroaches
  10 goblins
  2 hobgoblins
  8 jackals (D:3)
  8 kobolds
  2 quokkas
  6 ball pythons
  6 frilled lizards
  2 goblin zombies (Ossuary)
  11 hobgoblin zombies (Ossuary)
  A jackal zombie (Ossuary)
  7 kobold zombies (Ossuary)
  9 orc zombies (Ossuary)
  4 rats
  A rat zombie (Ossuary)
114 creatures vanquished.

Vanquished Creatures (others)
  4 fungi (D:3)
4 creatures vanquished.

Grand Total: 118 creatures vanquished

Notes
Turn   | Place    | Note
-------+----------+-------------------------------------------
     0 | D:1      | boopmooplesden the Minotaur Fighter began the quest for the
                  | Orb.
     0 | D:1      | Reached XP level 1. HP: 19/19 MP: 0/0
   237 | D:1      | Reached XP level 2. HP: 27/27 MP: 1/1
   814 | D:2      | Reached XP level 3. HP: 32/33 MP: 2/2
   874 | D:2      | Reached skill level 3 in Axes
  1328 | D:2      | You fall into a shaft and drop 2 floors!
  1398 | D:4      | Reached skill level 1 in Dodging
  1398 | D:4      | Reached XP level 4. HP: 38/40 MP: 3/3
  1432 | D:4      | Found a sand-covered staircase.
  1441 | Ossuary  | Entered an ossuary
  1543 | Ossuary  | Reached skill level 4 in Axes
  1567 | Ossuary  | Reached skill level 5 in Axes
  1567 | Ossuary  | Reached XP level 5. HP: 43/47 MP: 4/4
  1651 | Ossuary  | Reached XP level 6. HP: 53/53 MP: 5/5
  1660 | Ossuary  | Reached skill level 6 in Axes
  2095 | D:3      | Reached skill level 7 in Axes
  2165 | D:3      | Reached skill level 5 in Armour
  2165 | D:3      | Reached XP level 7. HP: 53/60 MP: 6/6
  2227 | D:3      | Found a broken altar of Ashenzari.
  2802 | D:4      | Splashed by a jelly's acid

Illustrated notes

Levels and vault maps discovered:
D:1:      erik_arrival_blinker_ship, layout_basic
D:2:      layout_basic, small_statue_intersection, kennysheep_generic_room_3
D:3:      layout_loops_ring, lemuel_doored_altar, dreamdust_mushroom_princess
D:4:      layout_basic, lightli_ossuary_entry_decrepit_ruins

Skill      XL: |  1  2  3  4  5  6 |
---------------+-------------------+-----
Fighting       | 4 |  4.9
Armour         | 4 5 |  5.0
Shields        | 4 |  4.6
Axes           | 3 5 7 |  7.3
Dodging        | 1 |  1.6
Stealth        | |  0.1

Action                   |  1- 3 |  4- 6 |  7- 9 || total
-------------------------+-------+-------+-------++-------
Melee: War axe           |    62 |   181 |    18 ||   261
       Headbutt          |     6 |    24 |     3 ||    33
  Use: Scroll            |     3 |     1 |       ||     4
       Potion            |     1 |       |       ||     1
Armor: Scale mail        |    40 |    95 |     1 ||   136
       Plate armour      |       |       |     9 ||     9
Dodge: Dodged            |    34 |    77 |     9 ||   120
Block: Buckler           |    20 |    55 |     3 ||    78
